[Event "Live Chess"]
[Site "Chess.com"]
[Date "2024.06.02"]
[Round "-"]
[White "Plato_77"]
[Black "StoreySniper"]
[Result "0-1"]
[WhiteElo "1297"]
[BlackElo "2530"]
[TimeControl "300"]
[EndTime "17:19:17 PDT"]
[Termination "StoreySniper won by checkmate"]

1. e4 g6 2. d4 Bg7 3. Nc3 c5 4. d5 d6 5. Nf3 Bxc3+ 6. bxc3 Nf6 7. Nd2 Qa5 8. Qf3 Nbd7 9. Nc4 Qc7 10. Bh6 b5 11. Ne3 Qa5 12. Nd1 Ne5 13. Qe2 Ba6 14. f4 Nc4 15. e5 Nxd5 16. exd6 Nxd6 17. Qe5 Nf6 18. Bg7 O-O-O 19. Bxh8 Rxh8 20. Be2 Re8 21. O-O Nd7 22. Qe3 Nf5 23. Qd3 Qb6 24. Kh1 c4 25.
Qf3 Bb7 26. Qf2 Nc5 27. a4 Nxa4 28. Bxc4 Qc6 29. Bxf7 Rf8 30. Bb3 Nc5 31. Be6+ Nxe6 32. Rxa7 Nd6 33. Qe3 Nxf4 34. Qf3 Qxf3 35. gxf3 Ne4 36. fxe4 Bxe4+ 37. Kg1 Nh3# 0-1

[Event "Live Chess"]
[Site "Chess.com"]
[Date "2024.06.02"]
[Round "-"]
[White "Dhaydon19"]
[Black "Frankie_Badacsonyi"]
[Result "1-0"]
[WhiteElo "2683"]
[BlackElo "2405"]
[TimeControl "300"]
[EndTime "17:19:55 PDT"]
[Termination "Dhaydon19 won by resignation"]

1. Nf3 Nf6 2. e3 b6 3. b3 Bb7 4. Bb2 e6 5. Be2 d5 6. O-O Be7 7. c4 O-O 8. cxd5 exd5 9. Nc3 a6 10. d4 Bd6 11. Qc2 Nbd7 12. Rad1 Re8 13. Bd3 Qe7 14.
Rfe1 Ne4 15. Bxe4 dxe4 16. Nd2 f5 17. Nc4 Rac8 18. Nxd6 cxd6 19. Qd2 Nf6 20. Ne2 Nd5 21. Rc1 Qd7 22. Ba3 g6 23. Rc4 b5 24. Rxc8 Rxc8 25. Rc1 Kf7 26. Rxc8 Bxc8 27. Nc3 Bb7 28. Nxd5 Bxd5 29.
Qb4 Ke6 30. Qa5 Qc8 31. Qb6 Qc6 32. Qd8 b4 33. Bb2 Qc2 34. h3 Qxb2 35. Qg8+ Ke7 36. Qxd5 Qxa2 37. Qb7+ Ke6 38. d5+ Ke5 39. Qf7 1-0

[Event "Live Chess"]
[Site "Chess.com"]
[Date "2024.06.02"]
[Round "-"]
[White "MaksymYurii"]
[Black "Sir_Sigmund"]
[Result "0-1"]
[WhiteElo "946"]
[BlackElo "1871"]
[TimeControl "300"]
[EndTime "17:20:14 PDT"]
[Termination "Sir_Sigmund won on time"]

1. e4 e6 2. Nf3 d5 3. e5 c5 4. d4 Bd7 5. Bd3 Qb6 6. O-O cxd4 7. a4 Nc6 8. c3 dxc3 9. bxc3 Qc7 10. Bg5 Nge7 11.
Bb5 Nxe5 12. Nxe5 Qxe5 13. Bxd7+ Kxd7 14. a5 Qxg5 15. Qa4+ Nc6 16. Na3 Bxa3 17. Qxa3 Rhc8 18. a6 b6 19. Rad1 Qe7 20. Qa4 Kd8 21. c4 Qb4 22.
Qa2 d4 23. Qa1 Qc5 24. Qb1 Ke7 25. Qxh7 Qg5 26. Qb1 Rh8 27. c5 Qxc5 28. Rc1 Qd6 29.
g3 e5 30. Rfe1 Rh6 31. Qf5 f6 32. Qf3 Rc8 33. Qg4 Rg8 34. Qf3 Rc8 35. Qg4 Rg8 36.
Qf3 Kd7 37. Qg4+ Kc7 38. Rxc6+ Qxc6 0-1

[Event "Live Chess"]
[Site "Chess.com"]
[Date "2024.06.02"]
[Round "-"]
[White "Silverback7829"]
[Black "grillage"]
[Result "0-1"]
[WhiteElo "901"]
[BlackElo "1846"]
[TimeControl "300"]
[EndTime "17:21:06 PDT"]
[Termination "grillage won by checkmate"]

1. d4 e6 2. Nf3 Nf6 3. Nc3 c5 4. dxc5 Bxc5 5. Bg5 O-O 6. Bxf6 Qxf6 7. e3 Qe7 8. Bc4 Nc6 9. Ne4 Bb6 10. O-O d5 11.
Ned2 dxc4 12. Nxc4 Bc7 13. a4 Rd8 14. Qe2 e5 15.
Rad1 Bg4 16. Rxd8+ Rxd8 17. h3 Bh5 18. Rd1 e4 19.
Ne1 Bxe2 20. Rxd8+ Qxd8 21. b3 Bxc4 22. bxc4 Qd1 23.
Kf1 Ba5 24. c5 Qxe1# 0-1

[Event "Live Chess"]
[Site "Chess.com"]
[Date "2024.06.02"]
[Round "-"]
[White "Cruiseylee78"]
[Black "Queensandpawns"]
[Result "0-1"]
[WhiteElo "1710"]
[BlackElo "2306"]
[TimeControl "300"]
[EndTime "17:21:34 PDT"]
[Termination "Queensandpawns won by checkmate"]

1. d4 e5 2. e4 exd4 3. c3 dxc3 4. Nxc3 Nc6 5. Bc4 Bc5 6. Nf3 Nf6 7. Bg5 d6 8. Qc2 h6 9. a3 hxg5 10. Nxg5 Ne5 11.
Bb3 Nfg4 12. f4 Rh5 13. fxe5 Qxg5 14. Nd5 Nxe5 15. Nxc7+ Kd8 16. Nxa8 Qe3+ 17. Qe2 Qxb3 18.
Qxh5 Bg4 19. Qg5+ f6 20. Qxg7 Qe3+ 21. Kf1 Qe2# 0-1

[Event "Live Chess"]
[Site "Chess.com"]
[Date "2024.06.02"]
[Round "-"]
[White "MaksymYurii"]
[Black "Dhaydon19"]
[Result "0-1"]
[WhiteElo "946"]
[BlackElo "2683"]
[TimeControl "300"]
[EndTime "17:22:29 PDT"]
[Termination "Dhaydon19 won by checkmate"]

1. e4 e6 2. Nf3 d5 3. Bb5+ c6 4. Ba4 dxe4 5. Nd4 Qxd4 6. Bb3 Bc5 7.
O-O Bd6 8. c3 Qe5 9. g3 h5 10. d4 Qf5 11. Bc2 h4 12. Bf4 Bxf4 13. gxf4 h3 14. Nd2 Qg6+ 15. Kh1 Qg2# 0-1

[Event "Live Chess"]
[Site "Chess.com"]
[Date "2024.06.02"]
[Round "-"]
[White "Duke_of_Bebington"]
[Black "booktrunk"]
[Result "0-1"]
[WhiteElo "1624"]
[BlackElo "1485"]
[TimeControl "300"]
[EndTime "17:22:32 PDT"]
[Termination "booktrunk won by resignation"]

1. e4 b6 2. g3 Bb7 3. Bg2 e6 4. Ne2 h6 5. d4 d6 6. Be3 Ne7 7. O-O Nd7 8. c4 g6 9. Nbc3 Bg7 10. Qd2 e5 11. d5 Nf6 12. Rac1 O-O 13. f4 a5 14. fxe5 dxe5 15. a3 Kh7 16. Kh1 c6 17. Ng1 cxd5 18. cxd5 Qd6 19. Nb5 Qd7 20. a4 Rac8 21.
Bxb6 Rxc1 22. Rxc1 Rc8 23. Rxc8 Qxc8 24. Bxa5 Qc5 25.
Bc3 Ba6 26. b3 Bxb5 27. axb5 Qxb5 28. Ne2 Ng4 29. Nc1 Qb6 30. d6 Nf2+ 31. Kg1 Nxe4+ 32.
Kf1 Nxd2+ 33. Bxd2 Qxd6 34. Ke1 Nd5 35. Ne2 Bf8 36.
b4 Nc7 37. Nc3 Qd3 38. Be4 Qd4 39. Bd5 Nxd5 0-1

[Event "Live Chess"]
[Site "Chess.com"]
[Date "2024.06.02"]
[Round "-"]
[White "dmitro74"]
[Black "LanceMaster23"]
[Result "0-1"]
[WhiteElo "1703"]
[BlackElo "1838"]
[TimeControl "300"]
[EndTime "17:22:52 PDT"]
[Termination "LanceMaster23 won on time"]

1. d4 Nf6 2. c4 e6 3. Nf3 Bb4+ 4. Bd2 Bxd2+ 5. Nbxd2 c5 6. e3 cxd4 7. exd4 O-O 8. Bd3 d5 9. c5 b6 10. b4 a5 11. a3 axb4 12. axb4 Rxa1 13. Qxa1 bxc5 14. bxc5 Re8 15. O-O Nc6 16. Re1 Qc7 17. Ne5 Nd7 18.
Ndf3 f6 19. Nxc6 Qxc6 20. Rb1 e5 21. Bb5 Qc7 22. c6 Nf8 23. dxe5 fxe5 24. Qa2 Be6 25. Ng5 Qd6 26. c7 Rc8 27. Nxe6 Nxe6 28. Rc1 Rxc7 29. Qa8+ Kf7 30. Qe8+ Kf6 31. Rxc7 Qxc7 32. g3 d4 33. Bd7 Qd6 34. g4 e4 35. h4 h6 36. g5+ hxg5 37.
hxg5+ Nxg5 38. Qd8+ Qe7 39. Qb6+ Ne6 40. Bxe6 Qxe6 41.
Qxd4+ Qe5 42. Qd8+ Kf5 43. Qf8+ Qf6 44. Qc5+ Kf4 45.
Qe3+ Kg4 46. Qg3+ Kh5 47. Qh3+ Qh4 48. Qf5+ Qg5+ 49. Qxg5+ Kxg5 50. Kg2 Kf4 0-1

[Event "Live Chess"]
[Site "Chess.com"]
[Date "2024.06.02"]
[Round "-"]
[White "alicechristina"]
[Black "ShanthamGrarks"]
[Result "1-0"]
[WhiteElo "1951"]
[BlackElo "1844"]
[TimeControl "300"]
[EndTime "17:22:57 PDT"]
[Termination "alicechristina won by checkmate"]

1. c4 c6 2. e4 e5 3. d4 exd4 4.
Qxd4 Nf6 5. Nc3 Na6 6. Nf3 Bc5 7. Qd1 O-O 8. Bd3 Re8 9. O-O Nb4 10. Bb1 d6 11. a3 Na6 12. Qc2 g6 13. Bg5 Bg4 14. b4 Bxf3 15. bxc5 Bg4 16. cxd6 Qxd6 17. h3 Bd7 18. Rd1 Qe5 19. Bxf6 Qxf6 20. Rxd7 Nc5 21. Rd1 Nxe4 22. Nxe4 Qxa1 23. Nd6 Re7 24. c5 Qxa3 25.
Ba2 Rd8 26. Ra1 Qb4 27. Rb1 Qd4 28. Qb3 Rxd6 29. cxd6 Qxd6 30. Rd1 Qe5 31. Qf3 Kg7 32. Qe3 Qxe3 33. fxe3 Rxe3 34. Rd7 Re1+ 35. Kf2 Re5 36. Rxf7+ Kh6 37. Rxb7 a5 38. Bg8 Kg5 39. Rxh7 a4 40. Ra7 Re4 41. Ra5+ Kf6 42. Ra6 Rf4+ 43. Kg3 Rb4 44.
Rxc6+ Kg7 45. Bd5 a3 46. Ra6 Rd4 47. Ba2 Rd3+ 48. Kh2 Kh6 49. Bb1 Rb3 50. Bxg6 Kg5 51. Bf7 Rc3 52. Ra5+ Kf4 53. h4 Ke3 54. h5 Kf2 55. h6 Rc6 56. h7 Rh6+ 57. Rh5 Rxh5+ 58. Bxh5 a2 59. h8=Q a1=N 60. Qxa1 Ke3 61. Qf6 Kd3 62. Qe5 Kc4 63. Qd6 Kb5 64. Qc7 Kb4 65. Qc6 Ka5 66. Qb7 Ka4 67. Bd1+ Ka3 68. Qb3# 1-0

[Event "Live Chess"]
[Site "Chess.com"]
[Date "2024.06.02"]
[Round "-"]
[White "Tushinskiy"]
[Black "Crowded_House"]
[Result "1-0"]
[WhiteElo "2233"]
[BlackElo "1726"]
[TimeControl "300"]
[EndTime "17:23:14 PDT"]
[Termination "Tushinskiy won by checkmate"]

1. d4 e6 2. c3 d5 3. Nf3 Bd6 4. Bg5 Be7 5. Bf4 Bd6 6. Bg3 Nf6 7. Nbd2 c6 8. Qc2 Qc7 9. e4 dxe4 10. Nxe4 Nxe4 11.
Qxe4 Nd7 12. Bd3 Nf6 13. Qe2 b6 14. O-O O-O 15. Ne5 Bb7 16. f4 Nd7 17. Rae1 Nxe5 18. fxe5 Be7 19. Qg4 c5 20. Bf4 Kh8 21. Re3 cxd4 22.
Rh3 g6 23. Bh6 Rg8 24. Rxf7 Rae8 25. Rxh7+ Kxh7 26. Bf8+ Bh4 27. Rxh4# 1-0

[Event "Live Chess"]
[Site "Chess.com"]
[Date "2024.06.02"]
[Round "-"]
[White "educatedlad"]
[Black "ACM42"]
[Result "0-1"]
[WhiteElo "1746"]
[BlackElo "2159"]
[TimeControl "300"]
[EndTime "17:23:56 PDT"]
[Termination "ACM42 won by checkmate"]

1. d4 Nf6 2. Bg5 Ne4 3. Bf4 d5 4. e3 g6 5. f3 Nd6 6. Nc3 c6 7. Qd2 Bg7 8. O-O-O Nd7 9. Bxd6 exd6 10. Nge2 O-O 11.
Ng3 Nf6 12. Bd3 b5 13. h4 h5 14. e4 b4 15. Nb1 a5 16. e5 dxe5 17. dxe5 Nd7 18.
f4 Nc5 19. Qf2 Bg4 20. Rd2 Na4 21. b3 Nc3 22. Nxc3 bxc3 23. Re2 Bxe2 24. Qxe2 f5 25. Qe1 d4 26. Bc4+ Kh7 27. Qe2 Qe7 28. Nxh5 Qa3+ 29. Kd1 Qxa2 30. Nxg7 Qb1# 0-1

[Event "Live Chess"]
[Site "Chess.com"]
[Date "2024.06.02"]
[Round "-"]
[White "MagnersCarlsberg2870"]
[Black "CarmelJane"]
[Result "0-1"]
[WhiteElo "1772"]
[BlackElo "2076"]
[TimeControl "300"]
[EndTime "17:23:58 PDT"]
[Termination "CarmelJane won by resignation"]

1. d4 Nf6 2. Nf3 e6 3. e3 c5 4. Bd3 cxd4 5. exd4 b6 6. Nbd2 Bb7 7. c3 Be7 8. Qe2 O-O 9. O-O Nc6 10. Ne4 Rc8 11.
Bg5 h6 12. Bxf6 Bxf6 13. Nxf6+ gxf6 14. Qe4 f5 15. Qe3 Qf6 16. Ne5 Nxe5 17. dxe5 Qg6 18. Qh3 Kh7 19. Be2 Rg8 20. Bf3 Bxf3 21. Qxf3 Rc4 22. g3 f4 23. Rad1 fxg3 24. fxg3 Rc7 25. Qxf7+ Rg7 26. Qxg6+ Kxg6 27. Rf6+ Kg5 28. h4+ Kh5 29.
Kh2 Rc5 30. Re1 Rg6 31. Re4 Rxf6 32. exf6 Kg6 33. Rf4 Rf5 34. h5+ Kxf6 35. Rd4 d5 36. g4 Rf2+ 37. Kg3 Rxb2 38. Rf4+ Kg5 39. Rf7 Rxa2 40. Rg7+ Kf6 41. Rg6+ Kf7 42. Rxh6 Ra3 43. g5 Rxc3+ 44. Kf4 Rc4+ 45. Ke5 Re4+ 46. Kd6 d4 47. Rh7+ Kg8 48. Rxa7 d3 49. Ke7 d2 50. Rd7 Re5 51. Kf6 Rd5 52. Rg7+ Kh8 53. g6 Rf5+ 0-1

[Event "Live Chess"]
[Site "Chess.com"]
[Date "2024.06.02"]
[Round "-"]
[White "NeilDruggan73"]
[Black "CheckThis4"]
[Result "0-1"]
[WhiteElo "1755"]
[BlackElo "2697"]
[TimeControl "300"]
[EndTime "17:24:05 PDT"]
[Termination "CheckThis4 won by resignation"]

1. d4 Nf6 2. Bg5 d5 3. Bxf6 exf6 4. e3 Bd6 5. g3 h5 6. h4 Bg4 7. Be2 f5 8. Nh3 Nd7 9. Nc3 c6 10. a3 Nf6 11. Qd2 Ne4 12. Nxe4 fxe4 13. Bxg4 hxg4 14. Nf4 g5 15. Ng2 Be7 16. O-O-O gxh4 17. gxh4 Bxh4 18. Qe2 Qg5 19. Nf4 O-O-O 20. Rdg1 Rdg8 21. Rg2 f5 22. b3 Qf6 23. c4 Bg5 24. Rxh8 Rxh8 25. cxd5 Bxf4 26.
exf4 cxd5 27. Qc2+ Kb8 28. Kb2 Qxd4+ 29. Qc3 Qxc3+ 30. Kxc3 Rh3+ 31. Kd4 Rxb3 32. Kxd5 Rxa3 33. Kd6 a5 34. Ke5 e3 35. fxe3 Rxe3+ 36. Kxf5 g3 37. Kg6 a4 38. f5 b5 39. f6 Rf3 40. Kg7 a3 41. f7 b4 42. f8=Q+ Rxf8 43. Kxf8 b3 44.
Rxg3 b2 45. Rxa3 b1=Q 46. Re3 Qb4+ 47. Kf7 Qf4+ 48. Kg8 Qxe3 0-1

[Event "Live Chess"]
[Site "Chess.com"]
[Date "2024.06.02"]
[Round "-"]
[White "WelshTiger"]
[Black "gobbles19"]
[Result "1/2-1/2"]
[WhiteElo "2466"]
[BlackElo "2266"]
[TimeControl "300"]
[EndTime "17:24:08 PDT"]
[Termination "Game drawn by repetition"]

1. e4 d6 2. d4 Nf6 3. Nc3 g6 4.
f4 Bg7 5. Nf3 O-O 6. Bd3 Na6 7.
O-O c5 8. d5 Nc7 9. Bc4 b5 10.
Nxb5 Nxb5 11. Bxb5 Nxe4 12. c3 Rb8 13. Bc4 Nf6 14. Qe2 Nd7 15. Re1 Re8 16. h4 Nb6 17. h5 Nxc4 18. Qxc4 Bg4 19. hxg6 hxg6 20. Ng5 Qd7 21.
Qe4 Bf6 22. Ne6 Bf5 23. Qe2 fxe6 24. dxe6 Qc6 25. g4 Bh4 26. gxf5 Qd5 27. Qg4 Bxe1 28. Qxg6+ Kh8 29. Qh6+ Kg8 30. f6 exf6 31. Qg6+ Kh8 32.
Qxf6+ Kg8 33. Qg6+ Kh8 34. Qf6+ Kg8 35. Qf7+ Kh8 36.
Qf6+ 1/2-1/2

[Event "Live Chess"]
[Site "Chess.com"]
[Date "2024.06.02"]
[Round "-"]
[White "RockTroll"]
[Black "RichardABates"]
[Result "0-1"]
[WhiteElo "2204"]
[BlackElo "2329"]
[TimeControl "300"]
[EndTime "17:24:42 PDT"]
[Termination "RichardABates won by resignation"]

1. e4 c6 2. d4 d5 3. e5 Bf5 4. h4 h6 5. g4 Bd7 6. h5 e6 7.
Bd3 c5 8. c3 Nc6 9. Be3 Qb6 10.
Qb3 c4 11. Qxb6 axb6 12. Bc2 b5 13. b3 cxb3 14. Bxb3 Na5 15. Nd2 b4 16. Ne2 bxc3 17. Nxc3 Bb4 18. Rc1 Rc8 19. Ndb1 Nxb3 20. axb3 Ne7 21.
Bd2 Nc6 22. Nb5 Ke7 23. O-O Bxd2 24. Nxd2 Nxe5 25. Rxc8 Rxc8 26. dxe5 Bxb5 27. Ra1 Rc3 28. Ra5 Bc6 29. b4 d4 30. b5 Bd5 31. Kf1 d3 32. f3 Rc1+ 33. Kf2 Rd1 34. Ke3 Re1+ 35. Kxd3 Rxe5 36. f4 Re1 37. Ra8 f5 38. g5 Rh1 39.
Nc4 Bxc4+ 40. Kxc4 Kd6 41. Rg8 Rh4 42. Rxg7 Rxf4+ 43.
Kd3 hxg5 44. Rxg5 Ke5 45. Rg7 b6 46. h6 Rh4 47. h7 Rh3+ 48. Ke2 Ke4 49. Rb7 e5 50.
Ra7 Rh2+ 51. Kf1 Kf3 52. Ra3+ Kf4 53. Ra4+ e4 54. Ra7 Kf3 55. Ra3+ e3 56. Kg1 Rxh7 57. Ra1 f4 58. Re1 e2 59. Ra1 Rg7+ 60. Kh2 Kf2 0-1

[Event "Live Chess"]
[Site "Chess.com"]
[Date "2024.06.02"]
[Round "-"]
[White "TheSmoulderingMaster"]
[Black "stevochess11"]
[Result "1-0"]
[WhiteElo "1762"]
[BlackElo "1678"]
[TimeControl "300"]
[EndTime "17:24:47 PDT"]
[Termination "TheSmoulderingMaster won by checkmate"]

1. e4 c5 2. Nf3 g6 3. d4 cxd4 4.
Nxd4 Nc6 5. Nc3 Bg7 6. Be3 Nf6 7. f3 O-O 8. Qd2 d5 9. O-O-O dxe4 10. Kb1 exf3 11.
Nxc6 Qxd2 12. Nxe7+ Kh8 13. Rxd2 fxg2 14. Bxg2 Be6 15.
Bd4 Rad8 16. Rhd1 Rfe8 17. Bxf6 Bxf6 18. Ned5 Bxd5 19. Nxd5 Bg5 20. Rd3 Re2 21. Bf3 Rxh2 22. a3 Rc8 23. Nb4 a5 24. Nd5 Rcxc2 25. Rb3 Rhf2 26. Be4 Rce2 27. Bf3 Rc2 28. Bg4 Kg7 29. Rxb7 Bf6 30. Nxf6 Kxf6 31. Bd7 h5 32. Be8 Kg7 33. Bxf7 Kh6 34. Rb6 Kg7 35. Bxg6 Rce2 36. Bxh5 Re5 37. Bg4 Rg2 38. Bd7 Ree2 39. Rb7 Kf6 40. Bh3 Rh2 41.
Rd6+ Kg5 42. Rb5+ Kh4 43. Bd7 Re1+ 44. Ka2 a4 45. Rd4+ Kg3 46. Rc5 Rhh1 47. Rc3+ Kf2 48. Rd2+ Kf1 49. Rf3+ Kg1 50. Bb5 Rh8 51. Rg3+ Kh1 52.
Bc6+ Re4 53. Bxe4# 1-0

[Event "Live Chess"]
[Site "Chess.com"]
[Date "2024.06.02"]
[Round "-"]
[White "GwaryTek"]
[Black "PughmanChess"]
[Result "1-0"]
[WhiteElo "1916"]
[BlackElo "1386"]
[TimeControl "300"]
[EndTime "17:25:41 PDT"]
[Termination "GwaryTek won by checkmate"]

1. d4 f5 2. c4 e6 3. Nf3 Nf6 4. h3 Be7 5. g4 O-O 6. gxf5 exf5 7. Rg1 c6 8. Bh6 Rf7 9. Ne5 Qe8 10. Nxf7 g6 11.
Ne5 Ne4 12. Nc3 d6 13. Nf3 d5 14. Qd3 Nd7 15. cxd5 Bb4 16. dxc6 Nb6 17. a3 Bxc3+ 18. bxc3 Qxc6 19. Bd2 Nc4 20. Ne5 Nxe5 21. dxe5 Be6 22. Bg2 Bd5 23. Rb1 Rd8 24. c4 Qxc4 25. Qxc4 Bxc4 26. Bxe4 fxe4 27. Rxb7 Rd5 28. Bc3 a6 29. e6 Rd8 30. Rg7+ Kf8 31. e7+ Ke8 32. exd8=Q+ Kxd8 33. Kd2 a5 34. Rb1 Kc8 35. Be5 Bf7 36.
Rxf7 a4 37. Rb8# 1-0

[Event "Live Chess"]
[Site "Chess.com"]
[Date "2024.06.02"]
[Round "-"]
[White "ShanthamGrarks"]
[Black "dmitro74"]
[Result "1-0"]
[WhiteElo "1852"]
[BlackElo "1692"]
[TimeControl "300"]
[EndTime "17:25:42 PDT"]
[Termination "ShanthamGrarks won by resignation"]

1. d4 d5 2. Nc3 c6 3. e4 dxe4 4. f3 exf3 5. Nxf3 Nf6 6. Bc4 Bg4 7.
Bxf7+ Kxf7 8. Ne5+ Ke8 9. Nxg4 Nxg4 10. Qxg4 Qd7 11. Qe4 Na6 12. O-O Nc7 13. Bf4 Kd8 14. Rad1 g6 15. Bxc7+ Qxc7 16. d5 Kc8 17. dxc6 bxc6 18.
Qe6+ Kb7 19. Rd7 1-0

[Event "Live Chess"]
[Site "Chess.com"]
[Date "2024.06.02"]
[Round "-"]
[White "Queensandpawns"]
[Black "Dhaydon19"]
[Result "0-1"]
[WhiteElo "2304"]
[BlackElo "2685"]
[TimeControl "300"]
[EndTime "17:26:01 PDT"]
[Termination "Dhaydon19 won by resignation"]

1. e4 c6 2. d4 d5 3. Nc3 dxe4 4. Nxe4 Nf6 5. Ng5 h6 6. Nxf7 Kxf7 7. Nf3 Nbd7 8. Bd3 e6 9. O-O Bd6 10. Re1 Re8 11.
Ne5+ Kg8 12. Qf3 Rf8 13. Bxh6 Nd5 14. Qe4 N7f6 15. Qg6 Qe7 16. c4 Nc7 17. Bg5 Qe8 18. c5 Bxe5 19. dxe5 Qxg6 20. Bxg6 Nfd5 21. h4 Bd7 22. h5 Be8 0-1

[Event "Live Chess"]
[Site "Chess.com"]
[Date "2024.06.02"]
[Round "-"]
[White "NAZRIZ1977"]
[Black "Thebigsqueeze"]
[Result "1-0"]
[WhiteElo "2144"]
[BlackElo "2289"]
[TimeControl "300"]
[EndTime "17:26:21 PDT"]
[Termination "NAZRIZ1977 won by checkmate"]

1. d4 Nf6 2. Nc3 d5 3. Bf4 g6 4.
e3 Bg7 5. h4 h5 6. Nf3 O-O 7.
Be2 c5 8. Qd2 cxd4 9. exd4 Nc6 10.
O-O-O Ne4 11. Nxe4 dxe4 12. Ne5 Nxe5 13. dxe5 Qb6 14.
Qd4 Qa5 15. Bc4 Bf5 16. Kb1 Rad8 17. Qe3 Bxe5 18. Bh6 Rxd1+ 19. Rxd1 Rc8 20. Bb3 Qc7 21. Rd2 a5 22. a4 Bd6 23. f3 exf3 24. gxf3 Qc5 25.
Qe1 Qb4 26. Ka2 b5 27. c3 Qc5 28. Be3 Qc6 29. Qd1 bxa4 30. Bxa4 Qc4+ 31. Bb3 Qxh4 32.
Rxd6 exd6 33. Qxd6 Rd8 34. Qe5 Kh7 35. Bd4 Rg8 36.
Bxf7 Qd8 37. Bxg8+ Qxg8+ 38. b3 Qf7 39. Qb5 h4 40. Qb8 Kh6 41. Be3+ Kg7 42. Bd4+ Kh6 43. Qh8+ Kg5 44. Be3# 1-0

[Event "Live Chess"]
[Site "Chess.com"]
[Date "2024.06.02"]
[Round "-"]
[White "mychess51"]
[Black "oscalik"]
[Result "0-1"]
[WhiteElo "1757"]
[BlackElo "2281"]
[TimeControl "300"]
[EndTime "17:26:34 PDT"]
[Termination "oscalik won on time"]

1. d4 Nf6 2. Nf3 g6 3. g3 Bg7 4. Bg2 O-O 5. O-O d6 6. c4 c5 7.
d5 e6 8. Nc3 exd5 9. cxd5 Re8 10. Re1 a6 11. e4 b5 12. e5 Nfd7 13. e6 Ne5 14. Nxe5 Bxe5 15. exf7+ Kxf7 16. Ne4 Bf5 17. Ng5+ Kg7 18. Kh1 Ra7 19. Bh3 Bxh3 20. Nxh3 Rae7 21. Ng5 Qc8 22. Ne6+ Rxe6 23. dxe6 Qb7+ 24. Kg1 Rxe6 25.
Bf4 Nd7 26. Qg4 Rf6 27. Bg5 Rf7 28. Qh4 h5 29. Be3 Bf6 30. Qh3 Ne5 31. Red1 Nc4 32. Qg2 Qxg2+ 33. Kxg2 Bxb2 34. Rab1 Be5 35. Bf4 Bxf4 36.
gxf4 Rxf4 37. Re1 Rg4+ 38. Kf1 Nd2+ 39. Ke2 Nxb1 40. Rxb1 Re4+ 41. Kf3 Re5 0-1

[Event "Live Chess"]
[Site "Chess.com"]
[Date "2024.06.02"]
[Round "-"]
[White "LanceMaster23"]
[Black "Duke_of_Bebington"]
[Result "1-0"]
[WhiteElo "1845"]
[BlackElo "1620"]
[TimeControl "300"]
[EndTime "17:27:19 PDT"]
[Termination "LanceMaster23 won by resignation"]

1. Nf3 d5 2. d4 Nf6 3. Bf4 Bf5 4. e3 e6 5. Nbd2 Bd6 6. Bg3 Bxg3 7. hxg3 Nbd7 8. c3 c5 9. Be2 Qc7 10. O-O O-O 11.
Re1 e5 12. dxe5 Ng4 13. Nh4 Be6 14. Bxg4 Bxg4 15. Qxg4 Nxe5 16. Qg5 h6 17. Qf5 c4 18.
Ndf3 Nd3 19. Re2 Rad8 20. Ne1 Ne5 21. Nhf3 Ng6 22. Nd4 Rfe8 23. Nef3 Ne5 24. Nxe5 Rxe5 25. Qf4 g6 26. Nf3 Re7 27. Qxc7 Rxc7 28. Rd1 Kg7 29. Red2 Rcd7 30. e4 1-0

[Event "Live Chess"]
[Site "Chess.com"]
[Date "2024.06.02"]
[Round "-"]
[White "Sir_Sigmund"]
[Black "Frankie_Badacsonyi"]
[Result "0-1"]
[WhiteElo "1870"]
[BlackElo "2406"]
[TimeControl "300"]
[EndTime "17:27:42 PDT"]
[Termination "Frankie_Badacsonyi won by resignation"]

1. e4 c5 2. Be2 Nc6 3. d3 g6 4. f4 Bg7 5. c3 d5 6. Nf3 dxe4 7. dxe4 Qxd1+ 8. Bxd1 Bg4 9. h3 Bxf3 10. Bxf3 e6 11. e5 Nge7 12. Be3 b6 13. Nd2 Nd5 14. Ke2 Rc8 15.
Ne4 Bf8 16. g3 Be7 17. h4 h5 18. Rhc1 O-O 19. Rd1 Rfd8 20. a3 Na5 21. Nd2 Kf8 22. Bxd5 Rxd5 23. b4 Nb7 24. c4 Rd7 25. b5 Rcd8 26. Ne4 Na5 27. Rxd7 Rxd7 28. Rc1 a6 29. bxa6 Ra7 30. Nd6 Bxd6 31. exd6 Ke8 32. Kf3 Kd7 33. g4 hxg4+ 34. Kxg4 Kxd6 35. Kg5 Ke7 36. h5 gxh5 37. Kxh5 Rxa6 38. Bf2 Nc6 39. Rc3 Ra8 40. Bh4+ Ke8 41.
Bf6 Nd4 42. Rg3 Kd7 43. Kh6 Nf5+ 0-1

[Event "Live Chess"]
[Site "Chess.com"]
[Date "2024.06.02"]
[Round "-"]
[White "e4evr"]
[Black "wadsy27"]
[Result "0-1"]
[WhiteElo "2272"]
[BlackElo "2584"]
[TimeControl "300"]
[EndTime "17:28:04 PDT"]
[Termination "wadsy27 won by checkmate"]

1. e4 e6 2. Nc3 d5 3. d4 Bb4 4. Bd2 Nf6 5. e5 Nfd7 6. Nce2 Bxd2+ 7. Qxd2 b6 8. f4 c5 9. c3 Ba6 10. Nf3 Nc6 11. g3 O-O 12. Bg2 Bxe2 13. Qxe2 cxd4 14. cxd4 b5 15. Qxb5 Qc7 16. Rc1 Rfc8 17. O-O Rab8 18.
Qe2 Qb6 19. Qf2 Qxb2 20. Rc2 Qb7 21. Rfc1 Ne7 22. Bf1 Nb6 23. Rxc8+ Rxc8 24. Rxc8+ Qxc8 25. Qb2 h6 26. Bd3 Qc6 27. Kf2 Qa4 28. Qc2 Qxc2+ 29. Bxc2 Nc6 30. Bb3 a5 31. a3 Kf8 32. Ke3 a4 33.
Ba2 Na7 34. Ne1 Nb5 35. Nc2 Nc3 36. Nb4 Nb5 37. Nc2 g6 38. Kd3 h5 39. Kd2 Ke7 40. Kd3 Kd7 41. Kd2 Kc7 42. Kd3 Nc8 43. Bb1 Ne7 44. Kd2 Nf5 45. Kd3 Nh6 46. h3 Nf5 47. g4 hxg4 48. hxg4 Nh6 49. g5 Nf5 50.
Ba2 Ng3 51. Ne3 Nh5 52. Ng2 Kb6 53. Bb1 Nxa3 54. Bc2 Nxc2 55. Kxc2 Ka5 56. Kc3 a3 57. Kb3 Kb5 58. Ne3 Nxf4 59. Kxa3 Ne2 60. Ng4 Nxd4 61.
Nh6 Nf3 62. Nxf7 Kc4 63. Kb2 Kd3 64. Kc1 Ke2 65. Nd8 Nxg5 66. Nc6 Nf3 67. Kc2 d4 68. Kb3 d3 69. Nb4 d2 70. Kc4 d1=Q 71. Kc5 Qc1+ 72. Kd6 Qa3 73. Kxe6 Qxb4 74. Kf6 Qc5 75. e6 Qe5+ 76.
Kf7 Ng5+ 77. Kxg6 Qxe6+ 78. Kxg5 Kf3 79. Kh5 Qg8 80. Kh6 Kf4 81. Kh5 Qg5# 0-1

[Event "Live Chess"]
[Site "Chess.com"]
[Date "2024.06.02"]
[Round "-"]
[White "booktrunk"]
[Black "alicechristina"]
[Result "1-0"]
[WhiteElo "1500"]
[BlackElo "1911"]
[TimeControl "300"]
[EndTime "17:28:09 PDT"]
[Termination "booktrunk won by checkmate"]

1. d4 d5 2. g3 Nf6 3. Bg2 e6 4.
a3 Be7 5. Nc3 O-O 6. Bf4 c5 7.
dxc5 Bxc5 8. Nf3 Nc6 9. O-O d4 10. Na4 Be7 11. c3 b5 12. Nxd4 Nxd4 13. cxd4 bxa4 14.
Bxa8 Nd5 15. Bxd5 Qxd5 16. f3 Bf6 17. Be3 Bb7 18. Rc1 Rd8 19. Rc5 Qd6 20. Qxa4 e5 21.
dxe5 Bxe5 22. Rcc1 Bxg3 23. Rcd1 Bxh2+ 24. Kh1 Qe7 25. Rxd8+ Qxd8 26. Kxh2 Bc8 27. Rd1 Qc7+ 28. Kg2 Qe5 29.
Rd8+ Qe8 30. Rxe8# 1-0

[Event "Live Chess"]
[Site "Chess.com"]
[Date "2024.06.02"]
[Round "-"]
[White "KnightStripes"]
[Black "grillage"]
[Result "0-1"]
[WhiteElo "917"]
[BlackElo "1846"]
[TimeControl "300"]
[EndTime "17:28:48 PDT"]
[Termination "grillage won by checkmate"]

1. d4 e6 2. Nc3 Bb4 3. Bf4 Nf6 4. e3 Nd5 5. Qd2 Nxf4 6. e4 Bxc3 7. Qxc3 O-O 8. Qd2 Ng6 9. Bd3 d6 10. Nf3 Nd7 11.
O-O-O e5 12. h4 Nf4 13. dxe5 Nxd3+ 14. Qxd3 Nc5 15. Qe3 Bg4 16. h5 h6 17. Qd4 Bxf3 18.
gxf3 Qg5+ 19. Kb1 Qxe5 20. Qe3 Ne6 21. Rhg1 Qf4 22. Qc3 Ng5 23. Rd5 Qxf3 24. Rdxg5 Qxc3 25. Rxg7+ Kh8 26. bxc3 Rg8 27. Rxg8+ Rxg8 28. Rd1 Rg5 29. e5 Rxe5 30. f4 Rxh5 31. Re1 Kg7 32. Re7 Rc5 33. Kb2 h5 34. Kb3 h4 35. Kb4 h3 36.
Re1 h2 37. Rh1 Rh5 38. Kc4 Kf6 39. Kd4 Kf5 40. Ke3 d5 41. Kf3 Rh3+ 42. Kg2 Rxc3 43. Rxh2 Rxc2+ 44. Kg3 Rxh2 45. Kxh2 Kxf4 46. a4 Ke3 47. a5 d4 48. a6 bxa6 49. Kg2 d3 50. Kg3 d2 51. Kg2 d1=Q 52. Kh2 Qg4 53. Kh1 Kf2 54. Kh2 Qg2# 0-1